 Dungeon Crawl Stone Soup version 0.23-a0-703-gdf2d5e0 (webtiles) character file.

111 HungryMoth the Charmwright (level 4, -1/33 HPs)
             Began as a Merfolk Skald on Jan 13, 2019.
             Slain by Sigmund
             ... wielding a +3 scythe of freezing
              (2 damage)
             ... on level 3 of the Dungeon.
             The game lasted 00:06:49 (2010 turns).

HungryMoth the Charmwright (Merfolk Skald)          Turns: 2010, Time: 00:06:49

Health: -1/33      AC:  4    Str: 11    XL:     4   Next: 92%
Magic:  8/8        EV: 12    Int: 12    God:
Gold:   88         SH:  0    Dex: 14    Spells: 3/8 levels left

rFire    . . .     SeeInvis .   a - +0 spear
rCold    . . .     Gourm    .   (no shield)
rNeg     . . .     Faith    .   b - +0 leather armour
rPois    .         Spirit   .   (no helmet)
rElec    .         Reflect  .   k - +0 cloak
rCorr    .         Harm     .   (no gloves)
MR       .....                  (no boots)
Stlth    +.........             (no amulet)
HPRegen  0.11/turn              (no ring)
MPRegen  0.11/turn              (no ring)

@: no status effects
A: change form in water, swift swim, stealthy swim
a: no special abilities


You were on level 3 of the Dungeon.
You were not hungry.

You visited 1 branch of the dungeon, and saw 3 of its levels.

You collected 88 gold pieces.

Inventory:

Hand Weapons
 a - a +0 spear (weapon)
 q - a +0 dagger of holy wrath
Armour
 b - a +0 leather armour (worn)
 k - a +0 cloak (worn)
Scrolls
 f - 3 scrolls of identify {unknown}
 j - a scroll of remove curse {unknown}
 p - a scroll of blinking {unknown}
Potions
 c - a potion of heal wounds {unknown}
 e - a potion of haste {unknown}
 h - 2 potions of magic {unknown}
 i - a potion of ambrosia {unknown}
 l - a potion of agility {unknown}
 m - a potion of might
 n - a potion of mutation {unknown}
 o - a potion of curing {unknown}
Comestibles
 d - 3 rations
 g - 2 chunks of flesh


   Skills:
 - Level 2.1 Fighting
 + Level 4.6 Polearms
 - Level 0.6 Armour
 - Level 2.6 Dodging
 * Level 2.7 Spellcasting
 * Level 4.8 Charms


You had 3 spell levels left.
You knew the following spells:

 Your Spells              Type           Power        Failure   Level  Hunger
a - Infusion              Chrm           ##..         4%          1    #......
b - Shroud of Golubria    Chrm/Tloc      #.........   19%         2    ###....
c - Song of Slaying       Chrm           ##......     7%          2    ###....

Your spell library contained the following spells:

 Spells                   Type           Power        Failure   Level  Hunger
 Regeneration             Chrm/Necr      #.........   36%         3    ###....
 Spectral Weapon          Hex/Chrm       #.......     36%         3    ###....


Dungeon Overview and Level Annotations

Branches:
Dungeon (3/15)

Altars:

Annotations:
D:3 Sigmund


Message History

You see here a quokka corpse.
You butcher the quokka corpse.
Things that are here:
2 chunks of flesh; a quokka skeleton
g - 2 chunks of flesh Something hits you!
Something freezes you.
There is an open door here.
You are confused.
You're too confused to move!
You hear some strange, mumbled words.
A puff of flame appears from out of thin air!
The puff of flame hits you! Something hits you. Something freezes you.
* * * LOW HITPOINT WARNING * * *
You bump into the rock wall.
You feel less confused. Something hits you!
* * * LOW HITPOINT WARNING * * *
Something freezes you.
You die...

...........####.##
+#####'#........#
#<#.#####..# ###.#
#..# ..# #..#
###########..#
####..........(.#
#.......#######.#
#.......g.@.....#
#.......#########
#.....รท.#
####..### #....
#.... .......
........
..........


You could see a goblin.

Vanquished Creatures
  A howler monkey (D:2)
  Jessica (D:2)
  An ooze (D:2)
  2 dart slugs
  7 giant cockroaches
  2 goblins
  4 hobgoblins (D:1)
  4 kobolds
  2 quokkas
  2 bats
  7 frilled lizards
  7 rats
40 creatures vanquished.

Notes
Turn   | Place    | Note
-------+----------+-------------------------------------------
     0 | D:1      | HungryMoth the Merfolk Skald began the quest for the Orb.
     0 | D:1      | Reached XP level 1. HP: 16/16 MP: 3/3
   422 | D:1      | Reached XP level 2. HP: 21/22 MP: 5/5
   431 | D:1      | Learned a level 2 spell: Shroud of Golubria
   434 | D:1      | Learned a level 2 spell: Song of Slaying
   817 | D:1      | Reached XP level 3. HP: 22/27 MP: 2/6
  1268 | D:2      | Reached XP level 4. HP: 26/33 MP: 0/7
  1496 | D:2      | Noticed Jessica
  1500 | D:2      | Killed Jessica
  1996 | D:3      | Noticed Sigmund
  2010 | D:3      | HP: 1/33 [something (8)]
  2010 | D:3      | Slain by Sigmund

Vault maps used:
D:1:      noname_arrival_rooms_in_the_neighbourhood, minmay_worlds_worst_comb
D:2:      st_stairs_5, uniq_jessica
D:3:      xom_butterflies, chequers_temple_overflow_statue_of_worship,
          uniq_terence, uniq_sigmund, uniq_robin

Skill      XL: |  1  2  3 |
---------------+----------+-----
Charms         | 4 |  4.8
Polearms       | 4 |  4.6
Fighting       | |  2.1
Armour         | |  0.6
Dodging        | |  2.6
Spellcasting   | |  2.7

Action                   |  1- 3 |  4- 6 || total
-------------------------+-------+-------++-------
Melee: Spear             |   117 |    61 ||   178
 Cast: Infusion          |     2 |     1 ||     3
       Shroud of Golubri |     1 |     1 ||     2
       Song of Slaying   |     1 |     1 ||     2
  Eat: Chunk             |     1 |     3 ||     4
Armor: Leather armour    |    23 |    10 ||    33
Dodge: Dodged            |    58 |    17 ||    75

Table legend:
 A = Non-vault XP
 B = Vault XP
 C = Vault XP percentage of total XP
 D = Non-vault monster count
 E = Vault monster count
 F = Vault count percentage of total count
                 A         B        C        D         E       F
            +---------+---------+-------+---------+---------+-------
      Total |     105 |      54 |  34.0 |      32 |       8 |  20.0
            +---------+---------+-------+---------+---------+-------
        D:1 |      30 |       8 |  21.1 |      18 |       4 |  18.2
        D:2 |      69 |      46 |  40.0 |      10 |       4 |  28.6
        D:3 |       6 |       0 |   0.0 |       4 |       0 |   0.0
            +---------+---------+-------+---------+---------+-------
